 Dungeon Crawl Stone Soup version 0.29.1-15-g9cfb28693d (webtiles) character file.

Game seed: 124786001436257505

1815 Atreus the Trooper (level 8, -2/106 HPs)
             Began as a Palentonga Berserker on Mar 6, 2023.
             Was a Priest of Trog.
             Slain by an orc warrior
             ... wielding a +0 mace
              (7 damage)
             ... on level 6 of the Dungeon.
             The game lasted 00:09:10 (7534 turns).

Atreus the Trooper (Palentonga Berserker)           Turns: 7534, Time: 00:09:11

Health: -2/106     AC: 15    Str: 24    XL:     8   Next: 85%
Magic:  0/8        EV:  6    Int:  8    God:    Trog [***...]
Gold:   369        SH:  0    Dex: 10    Spells: 7/7 levels left

rFire   . . .      SeeInvis +   t - +4 mace "Vuliniry" {vorpal, rPois rF- rC+ rCorr}
rCold   + + .      Faith    .   (no shield)
rNeg    . . .      Spirit   +   r - +0 chain mail
rPois   +          Reflect  .   (no helmet)
rElec   .          Harm     .   b - scarf {rC+ rF+}
rCorr   +          Rampage  .   q - +0 pair of gloves
Will    .....                   (no barding)
Stlth   ..........              a - amulet of guardian spirit
HPRegen 0.27/turn               (no ring)
MPRegen 0.11/turn               (no ring)

@: berserking, curled up, very quick
A: large, rugged brown scales 3, see invisible, deformed body, roll 1, armoured
tail, reflexive curl
a: Rolling Charge, Renounce Religion, Berserk, Trog's Hand


You were on level 6 of the Dungeon.
You worshipped Trog.
Trog was most pleased with you.
You visited 1 branch of the dungeon, and saw 6 of its levels.

You collected 369 gold pieces.

Inventory:

Hand Weapons
 l - a +0 war axe
 o - a +0 vorpal sling
 t - the +4 mace "Vuliniry" (weapon) {vorpal, rPois rF- rC+ rCorr}
   (You took it off an orc on level 5 of the Dungeon)

   It inflicts extra damage upon your enemies.
   rF:        It makes you vulnerable to fire.
   rC:        It protects you from cold.
   rPois:     It protects you from poison.
   rCorr:     It protects you from acid and corrosion.
Missiles
 w - 3 throwing nets
Armour
 b - a scarf of resistance (worn)
 q - a +0 pair of gloves (worn)
 r - a +0 chain mail (worn)
Jewellery
 a - an amulet of guardian spirit (around neck)
Wands
 k - a wand of iceblast (21)
Scrolls
 c - 3 scrolls of identify
 d - 2 scrolls of amnesia
 h - 3 scrolls of teleportation
 p - 2 scrolls of noise
 s - 2 scrolls of blinking
 v - a scroll of butterflies
 y - a scroll of fear
Potions
 e - 2 potions of heal wounds {unknown}
 f - a potion of ambrosia {unknown}
 g - 3 potions of might {unknown}
 i - a potion of mutation {unknown}
 j - 5 potions of curing {unknown}
 m - a potion of resistance {unknown}
 n - a potion of brilliance {unknown}
 u - a potion of attraction {unknown}
 x - a potion of degeneration {unknown}


   Skills:
 - Level 7.1 Fighting
 - Level 7.0(8.3) Axes
 + Level 6.9(8.2) Maces & Flails
 - Level 1.5 Armour
 - Level 1.5 Dodging
 - Level 0.2 Stealth


You had 7 spell levels left.
You didn't know any spells.
Your spell library contained the following spells:

 Spells                   Type           Power      Damage    Failure   Level
 Static Discharge         Conj/Air       0%         3-3/arc   99%         2
 Frozen Ramparts          Ice            0%         1d1       100%        3
 Gell's Gravitas          Tloc           0%         N/A       100%        3
 Ozocubu's Armour         Ice            0%         N/A       100%        3
 Teleport Other           Tloc           0%         N/A       100%        3
 Dispel Undead            Necr           0%         3d6       100%        4
 Ice Form                 Ice/Tmut       0%         N/A       100%        4
 Sticky Flame             Conj/Fire      0%         2d3       100%        4
 Summon Ice Beast         Ice/Summ       0%         N/A       100%        4
 Dispersal                Tloc           0%         N/A       100%        6
 Ozocubu's Refrigeration  Ice            0%         4d7       100%        7


Dungeon Overview and Level Annotations

Branches:
Dungeon (6/15)             Temple (0/1) D:6

Altars:
Cheibriados
Kikubaaqudgha
Sif Muna
Yredelemnul

Shops:
D:1 =


Innate Abilities, Weirdness & Mutations

You are completely covered in rugged brown scales. (AC +3, +7% HP)
You have supernaturally acute eyesight. (SInv)
Armour fits poorly on your strangely shaped body.
You can roll at nearby foes to attack.
You have a long armoured tail.
You curl defensively after being hit. (AC +7*)


Message History

You feel yourself moving faster!
You feel mighty! The steam dragon breathes steam at you.
The ball of steam hits you!!
The orc wizard hits you but does no damage.
The orc warrior hits you with a +0 mace.
You thump the steam dragon!
You kill the steam dragon!
Trog accepts your kill.
The steam dragon scales are intact enough to wear.
You are engulfed in a cloud of scalding steam.
The orc warrior hits you with a +0 mace!
* * * LOW HITPOINT WARNING * * *
The orc wizard hits you but does no damage.
The orc priest calls down the wrath of Beogh upon you.
Beogh smites you!
* * * LOW HITPOINT WARNING * * *
The orc wizard hits you but does no damage.
You are too berserk!
You closely miss the orc.
You are engulfed in a cloud of scalding steam.
* * * LOW HITPOINT WARNING * * *
The orc warrior hits you with a +0 mace.
* * * LOW HITPOINT WARNING * * *
The orc hits you with a +0 falchion.
* * * LOW HITPOINT WARNING * * *
The orc wizard is engulfed in a cloud of scalding steam.
The orc wizard hits you with a +0 dagger.
* * * LOW HITPOINT WARNING * * *
The orc wizard is engulfed in a cloud of scalding steam.
The orc wizard hits you but does no damage.
You hit the orc. You tail-slap the orc.
You feel the power of Trog in you as your rage grows.
You kill the orc!
Trog accepts your kill.
You are engulfed in a cloud of scalding steam.
Unknown command.
You thump the orc warrior!
Your tail-slap misses the orc warrior.
The orc warrior is severely wounded.
The orc warrior hits you with a +0 mace!
You die...

#...>.# #.... ##### #######
##### ##...## ##...## ##...
##.....###.....###....
#...[...#...)...#.....
#.......#.......#.....
#....o..#...)...#.....
#..o)o###.....###.... #.o@#
##...## ##...
#########ยง#######'#######'#
###..........................
#...####.....................
#.### #.....................
#.# ####'#######'#######'# #.#
##...## ##...## ##...
##.#######..)..###.....###....
#......##.......#.......#.....


You could see an orc warrior, an orc priest and 2 orc wizards.

Vanquished Creatures
  A steam dragon (D:6)
  2 water moccasins
  2 ice beasts (D:6)
  2 ogres
  A phantom (D:4)
  A bullfrog (D:5)
  A necrophage (D:5)
  6 scorpions
  An electric eel (D:6)
  A howler monkey (D:6)
  2 hounds
  2 jellies
  A gnoll bouda (D:6)
  3 orc priests
  2 orc wizards (D:5)
  5 gnolls (D:6)
  6 adders
  2 shadow imps
  A white imp (D:6)
  An ufetubus (D:6)
  2 worms
  3 dart slugs
  15 orcs
  8 ball pythons
  6 endoplasms
  2 giant cockroaches
  7 hobgoblins
  3 jackals (D:2)
  5 kobolds
  2 quokkas
  A bat (D:1)
  3 frilled lizards
  4 goblins
  5 rats
109 creatures vanquished.

Vanquished Creatures (others)
  A plant (D:6)
1 creature vanquished.

Grand Total: 110 creatures vanquished

Notes
Turn   | Place    | Note
-------+----------+-------------------------------------------
     0 | D:1      | Atreus the Palentonga Berserker began the quest for the
                  | Orb.
     0 | D:1      | Reached XP level 1. HP: 19/19 MP: 1/1
   173 | D:1      | Found Vuhaill's Jewellery Shoppe.
   623 | D:1      | Reached XP level 2. HP: 25/25 MP: 2/2
  1980 | D:2      | Reached XP level 3. HP: 14/31 MP: 3/3
  2595 | D:2      | Found a faded altar of an unknown god.
  2745 | D:3      | Reached XP level 4. HP: 32/39 MP: 4/4
  2964 | D:3      | Reached ** piety under Trog
  3914 | D:4      | Noticed a phantom
  3931 | D:4      | Killed a phantom
  3932 | D:4      | Reached skill level 5 in Axes
  3932 | D:4      | Reached XP level 5. HP: 37/46 MP: 2/5
  4210 | D:4      | Reached XP level 6. HP: 53/53 MP: 4/6
  4347 | D:4      | Found a basalt altar of Yredelemnul.
  4397 | D:4      | Reached skill level 5 in Fighting
  4686 | D:4      | Found an ancient bone altar of Kikubaaqudgha.
  4825 | D:5      | Entered Level 5 of the Dungeon
  4960 | D:5      | Noticed a water moccasin
  4967 | D:5      | Killed a water moccasin
  4968 | D:5      | Gained mutation: You curl defensively after being hit. (AC
                  | +7*) [Palentonga growth]
  4968 | D:5      | Reached XP level 7. HP: 59/59 MP: 7/7
  5265 | D:5      | Identified the +4 mace "Vuliniry" {vorpal, rPois rF- rC+
                  | rCorr}
  5515 | D:5      | Reached skill level 1 in Maces & Flails
  6046 | D:5      | You fall into a shaft and drop 1 floor!
  6158 | D:6      | Reached XP level 8. HP: 23/69 MP: 6/8
  6510 | D:6      | Found a snail-covered altar of Cheibriados.
  6511 | D:6      | Found a shimmering blue altar of Sif Muna.
  6862 | D:6      | Reached skill level 5 in Maces & Flails
  7154 | D:6      | Found a staircase to the Ecumenical Temple.
  7532 | D:6      | HP: 4/106 [orc wizard/+0 dagger (2)]
  7533 | D:6      | Reached *** piety under Trog
  7534 | D:6      | Slain by an orc warrior

Illustrated notes

Levels and vault maps discovered:
D:1:      kilobyte_arrival_exit_the_forest, layout_basic, serial_shops,
          nicolae_shop_statue_plus
D:2:      layout_loops_cross, hellmonk_ecumenical_altar_run_dry,
          minmay_tetromino_i4
D:3:      layout_rooms
D:4:      layout_rooms, lemuel_coloured_pillars_altar, old_standard_altar
D:5:      layout_loops_ring, kennysheep_nub
D:6:      kennysheep_six_static_rooms, layout_loops_cross,
          nicolae_overflow_squiral, minmay_temple_entry_gardened_gates

Skill      XL: |  1  2  3  4  5  6  7  8 |
---------------+-------------------------+-----
Fighting       | 4 5 6 7 |  7.1
Axes           | 4 5 6 7 |  7.0
Maces & Flails | 3 6 |  6.9
Armour         | |  1.5
Dodging        | |  1.5
Stealth        | |  0.2

Action                   |  1- 3 |  4- 6 |  7- 9 || total
-------------------------+-------+-------+-------++-------
Melee: Hand axe          |    92 |     6 |       ||    98
       Tailslap          |     2 |    18 |    11 ||    31
       War axe           |       |    86 |    22 ||   108
       Punch             |       |     1 |     1 ||     2
       Mace              |       |       |    85 ||    85
Invok: Berserk           |     2 |     3 |     2 ||     7
 Abil: Rolling Charge    |    14 |    22 |    20 ||    56
  Use: Scroll            |     2 |     2 |     2 ||     6
Armor: Animal skin       |    18 |       |       ||    18
       Ring mail         |    21 |    15 |       ||    36
       Chain mail        |       |    29 |    56 ||    85
Dodge: Dodged            |    35 |    39 |    26 ||   100
